 Dungeon Crawl Stone Soup version 0.31-a0-845-g9abc20d24f (webtiles) character file.

Game seed: 4340497083756840557

127 arglypuff the Slasher (level 5, 40/40 HPs)
             Began as a Djinni Cinder Acolyte on Oct 1, 2023.
             Was a High Priest of Ignis.
             Quit the game on level 3 of the Dungeon.
             The game lasted 00:04:15 (2043 turns).

arglypuff the Slasher (Djinni Cinder Acolyte)       Turns: 2043, Time: 00:04:15

Health: 40/40      AC:  2    Str: 13    XL:     5   Next: 33%
Gold:   192        EV: 12    Int: 17    God:    Ignis [*****.] SH:  0 Dex:  9

rFire   + + +        a - -1 falchion (flame)
rCold   x . .        (no shield)
rNeg    . . .        b - +0 robe
rPois   ∞            (no helmet)
rElec   .            (no cloak)
rCorr   .            (no gloves)
SInv    .            (boots unavailable)
Will    .....        (no amulet)
Stlth   +            (no ring)
HPRegen 0.26/turn    (no ring)
MPRegen 0.00/turn

%: no passive effects
@: flying
A: sickness immunity, fire resistance 2, cold vulnerability 1, float, innate
caster, HP casting, extra vitality 1
a: Renounce Religion, Fiery Armour, Foxfire Swarm, Rising Flame


You were on level 3 of the Dungeon.
You worshipped Ignis.
Ignis was extremely pleased with you.
You visited 1 branch of the dungeon, and saw 3 of its levels.

You collected 192 gold pieces.

Inventory:

Hand Weapons
 a - a -1 falchion of flaming (weapon)
 d - a +1 dagger of holy wrath
Armour
 b - a +0 robe (worn)
 i - the +2 chain mail of the Gate {Regen+}
   (You found it on level 2 of the Dungeon)

   Regen+:    It increases your rate of health regeneration.
Scrolls
 f - a scroll of identify {unknown}
Potions
 c - 2 potions of cancellation {unknown}
 e - a potion of attraction {unknown}
 g - a potion of mutation {unknown}
 h - a potion of brilliance {unknown}


   Skills:
 + Level 3.5 Fighting
 + Level 3.6 Long Blades
 + Level 0.2 Armour
 + Level 1.9 Dodging
 + Level 0.8 Stealth
 + Level 2.6 Spellcasting
 + Level 2.6 Conjurations
 + Level 2.6 Hexes
 + Level 2.6 Summonings
 + Level 2.6 Necromancy
 + Level 2.6 Translocations
 + Level 2.6 Transmutations
 + Level 2.6 Fire Magic
 + Level 2.6 Ice Magic
 + Level 2.6 Air Magic
 + Level 2.6 Earth Magic
 + Level 2.6 Poison Magic


You knew the following spells:

 Your Spells              Type           Power      Damage    Failure   Level
a - Scorch                Fire           22%        2d5       10%         2
b - Magic Dart            Conj           44%        1d5       6%          1
c - Wereblood             Tmut           11%        N/A       10%         2
Your spell library was empty.

Dungeon Overview and Level Annotations

Branches:
Dungeon (3/15)

Altars:
Ru

Shops:
D:1 *   D:2 (!!(


Innate Abilities, Weirdness & Mutations

You are immune to sickness and miasma.
You are immune to poison.
Your flesh is very heat resistant. (rF++)
You are vulnerable to cold. (rC-)
You float through the air rather than walking.
You learn spells naturally, not from books.
Your magical power is your life essence.
You have superior vitality. (+4 MHP)


Message History

Found a stone staircase leading down.
You now have 192 gold pieces (gained 14).
A dart slug comes into view.
A dart slug is nearby!
A dart slug is nearby!
A dart slug is nearby!
Found 2 gold pieces.
No target in view!
No target in view!
You start removing your armour.
You continue taking off the +2 chain mail of the Gate {Regen+}. x4
You finish taking off the +2 chain mail of the Gate {Regen+}.
You start putting on your armour.
You continue putting on your +0 robe. x2
The dart slug launches a dart at you. The slug dart misses you.
You continue putting on your +0 robe.
The dart slug bites you.
You continue putting on your +0 robe. x2
The dart slug launches a dart at you. The slug dart hits you.
You finish putting on your +0 robe.
Unknown command.
You hit the dart slug. You burn the dart slug.
The dart slug is severely wounded.
The dart slug closely misses you.
You hit the dart slug but do no damage.
The dart slug is severely wounded.
The dart slug misses you.
You hit the dart slug but do no damage.
The dart slug is severely wounded.
You hit the dart slug. You burn the dart slug.
You kill the dart slug!
No target in view!
No target in view!
No target in view!
A goblin comes into view. It is wielding a +0 dagger.
A goblin is nearby!
A goblin is nearby!
A goblin is nearby!
Are you sure you want to abandon this character and quit the game? (Confirm with "yes".)

#..# .[# #[ #g# #..# #.#
#. #.## ##..###.# #. #
#.?. .......###. #. #$.#
#..##..##.. #..####..#
#..##..##..
.........#####..##..##..
#.......................
#.@.###.#.###..###.
#.#.....>...###..# #.
#^..........##..# #.
##.#.###.)......# #.
##.............. .
#.#.#######...### #
#..#.# #.### #.# #.# .#
#. #.#


You could see a goblin (asleep).

Vanquished Creatures
  A scorpion (D:3)
  An adder (D:2)
  A worm (D:1)
  6 dart slugs
  3 bats (D:1)
  3 endoplasms
  4 giant cockroaches
  4 goblins
  A hobgoblin (D:1)
  A kobold (D:1)
  5 quokkas
  3 ball pythons
  4 frilled lizards
  4 rats (D:1)
41 creatures vanquished.

Notes
Turn   | Place    | Note
-------+----------+-------------------------------------------
     0 | D:1      | arglypuff the Djinni Cinder Acolyte began the quest for the
                  | Orb.
     0 | D:1      | arglypuff set off with the following spells memorised:
                  | Scorch.
     0 | D:1      | Reached XP level 1. HP: 20/20 MP: 0/0
   207 | D:1      | Reached XP level 2. HP: 19/25 MP: 0/0
   523 | D:1      | Found Fongeo's General Store.
   535 | D:1      | Reached skill level 1 in Dodging
   573 | D:1      | Reached XP level 3. HP: 26/30 MP: 0/0
   573 | D:1      | Learned a level 1 spell: Magic Dart
  1316 | D:2      | Found a faded altar of an unknown god.
  1338 | D:2      | Found a sacrificial altar of Ru.
  1477 | D:2      | Reached XP level 4. HP: 31/35 MP: 0/0
  1568 | D:2      | Found Bolygota's Antique Weapon Boutique.
  1644 | D:2      | Found Hajuisafid's Distillery.
  1770 | D:2      | Found Odiele's Distillery.
  1858 | D:2      | Found Ixzyesk's Weapon Boutique.
  1917 | D:2      | Identified the +2 chain mail of the Gate {Regen+}
  1979 | D:3      | Noticed a scorpion
  1993 | D:3      | Killed a scorpion
  1994 | D:3      | Reached XP level 5. HP: 40/40 MP: 0/0
  1994 | D:3      | Learned a level 2 spell: Wereblood
  2043 | D:3      | Quit the game

Illustrated notes

Levels and vault maps discovered:
D:1:      dpeg_arrival_brainrot, layout_basic, serial_shops, shop,
          minmay_crystal_room, minmay_tree_intersection, minmay_tetromino_o2
D:2:      layout_basic, hellmonk_ecumenical_altar_run_dry, serial_shops, shop,
          nicolae_shop_stone, nicolae_shop_window_shopping, shop, basic_altar,
          minivault_23
D:3:      layout_loops_ring, uniq_jessica

Skill      XL: |  1  2 |
---------------+-------+-----
Long Blades    | 3 |  3.6
Dodging        | 1 |  1.9
Fighting       | |  3.5
Armour         | |  0.2
Stealth        | |  0.8
Spellcasting   | |  2.6
Conjurations   | |  2.6
Hexes          | |  2.6
Summonings     | |  2.6
Necromancy     | |  2.6
Translocations | |  2.6
Transmutations | |  2.6
Fire Magic     | |  2.6
Ice Magic      | |  2.6
Air Magic      | |  2.6
Earth Magic    | |  2.6
Poison Magic   | |  2.6

Action                     |  1- 3 |  4- 6 || total
---------------------------+-------+-------++-------
  Melee: Falchion          |    64 |    22 ||    86
         Punch             |     2 |       ||     2
   Cast: Scorch            |    31 |     3 ||    34
 Armour: Robe              |    61 |     3 ||    64
         Chain mail        |       |    13 ||    13
         Skin              |       |     2 ||     2
  Dodge: Dodged            |    72 |     8 ||    80

Table legend: (Time is in decaauts)
 A = Elapsed time spent in this place.
 B = Non-inter-level travel time spent in this place.
 C = Inter-level travel time spent in this place.
 D = Time resting spent in this place.
 E = Time spent auto-exploring this place.
 F = Levels seen in this place.
 G = Mean time per level.
                   A        B        C        D        E       F      G
               +--------+--------+--------+--------+--------+-----+--------+
         Total |   2055 |   1984 |     71 |      0 |   1680 |   3 |  685.0 |
       Dungeon |   2055 |   1984 |     71 |      0 |   1680 |   3 |  685.0 |
               +--------+--------+--------+--------+--------+-----+--------+

Top non-repeatable levels by time:
     D:1: 1326 daAuts
     D:2: 635 daAuts
     D:3: 93 daAuts
